 Dungeon Crawl Stone Soup version 0.21.1-1-g345015f (webtiles) character file.

290 Fang the Chopper (level 6, -1/57 HPs)
             Began as a Gargoyle Berserker on May 13, 2018.
             Was a Priest of Trog.
             Slain by a gnoll
             ... wielding a +0 halberd
              (9 damage)
             ... on level 3 of the Dungeon on May 14, 2018.
             The game lasted 00:05:39 (3340 turns).

Fang the Chopper (Gargoyle Berserker)               Turns: 3340, Time: 00:05:39

Health: -1/57      AC:  6    Str: 28    XL:     6   Next: 32%
Magic:  6/6        EV: 12    Int:  7    God:    Trog [***...]
Gold:   145        SH:  0    Dex:  9    Spells: 5/5 levels left

rFire    . . .     SeeInvis .   a - +0 hand axe
rCold    . . .     Gourm    .   (no shield)
rNeg     + . .     Faith    .   b - +0 animal skin
rPois    ∞         Spirit   .   (no helmet)
rElec    +         Reflect  .   (no cloak)
rCorr    .         Harm     .   (no gloves)
MR       .....                  (no boots)
Stlth    ..........             (no amulet)
HPRegen  0.19/turn              f - ring of stealth
MPRegen  0.10/turn              (no ring)

@: berserking (expiring), very quick
A: negative energy resistance 1, electricity resistance, unbreathing,
petrification resistance, rot immunity, AC +4
a: Berserk, Trog's Hand, Burn Spellbooks, Renounce Religion


You were on level 3 of the Dungeon.
You worshipped Trog.
Trog was most pleased with you.
You were hungry.

You visited 1 branch of the dungeon, and saw 3 of its levels.

You collected 145 gold pieces.

Inventory:

Hand Weapons
 a - a +0 hand axe (weapon)
Armour
 b - a +0 animal skin (worn)
Jewellery
 f - a ring of stealth (left hand)
Scrolls
 e - 3 scrolls of identify {unknown}
 g - a scroll of amnesia {unknown}
 l - a scroll of remove curse {unknown}
Potions
 d - 2 potions of lignification {unknown}
 h - a potion of might {unknown}
 i - a potion of agility {unknown}
 j - a potion of curing {unknown}
Comestibles
 c - 5 rations


   Skills:
 + Level 4.2 Fighting
 + Level 4.8 Axes
 + Level 2.4 Armour
 + Level 2.8 Dodging
 + Level 1.8 Stealth


You had 5 spell levels left.
You didn't know any spells.

Dungeon Overview and Level Annotations

Branches:
Dungeon (3/15)

Altars:


Innate Abilities, Weirdness & Mutations

You are resistant to torment.
Your stone body is resilient. (AC +4)
You are immune to poison.
You resist negative energy. (rN+)
You are resistant to electric shocks. (rElec)
You can survive without breathing.
You are immune to petrification.
You are immune to rotting.


Message History

You hear a shout!
The gnoll barely misses you.
The gnoll hits you from afar with a spear.
* * * LOW HITPOINT WARNING * * *
The gnoll hits you but does no damage.
You see here a halberd.
Unknown command.
You barely miss the gnoll. You closely miss the gnoll. You slash the gnoll!
The gnoll misses you. x2
A gnoll comes into view. It is wielding a halberd.
Unknown command.
You slash the gnoll!
The gnoll is almost dead.
You slash the gnoll!
You kill the gnoll!
Trog accepts your kill.
You hit the gnoll. The gnoll hits you with a spear.
* * * LOW HITPOINT WARNING * * *
The gnoll hits you from afar with a halberd!
You die...

....#...(##.............
.........(..............
≈≈≈≈....≈≈≈≈≈≈≈≈≈≈≈≈≈≈≈≈
≈≈≈≈....≈≈≈≈≈≈≈≈≈≈≈≈≈≈≈≈
≈≈≈≈g...≈≈≈≈≈≈≈≈≈≈≈≈####
....................#...
####''')#############...
#..).# #'## #..g@# ..#.
...'....gg..... .# #.
############### #. #. #.
#. #g#. #.#. #'##


You could see 4 gnolls.

Vanquished Creatures
  The ghost of skjohnston the Covered, a weakling MiFi (D:3)
  An orc wizard (D:3)
  10 gnolls (D:3)
  4 adders
  2 dart slugs (D:2)
  A leopard gecko (D:3)
  3 orcs (D:3)
  4 bats
  7 giant cockroaches
  A goblin (D:2)
  9 hobgoblins
  16 jackals
  2 quokkas
  4 frilled lizards
  6 kobolds
  4 rats
75 creatures vanquished.

Notes
Turn   | Place    | Note
-------+----------+-------------------------------------------
     0 | D:1      | Fang the Gargoyle Berserker began the quest for the Orb.
     0 | D:1      | Reached XP level 1. HP: 14/14 MP: 1/1
   327 | D:1      | Reached XP level 2. HP: 8/19 MP: 2/2
  1087 | D:2      | Reached XP level 3. HP: 14/24 MP: 3/3
  1466 | D:2      | Reached ** piety under Trog
  1468 | D:2      | Reached XP level 4. HP: 24/29 MP: 4/4
  2056 | D:3      | Reached skill level 1 in Stealth
  2060 | D:3      | Reached XP level 5. HP: 30/33 MP: 5/5
  2452 | D:3      | Noticed skjohnston's ghost (weakling MiFi)
  2469 | D:3      | Killed skjohnston's ghost
  2869 | D:3      | Reached XP level 6. HP: 8/38 MP: 6/6
  3337 | D:3      | Reached *** piety under Trog
  3340 | D:3      | Slain by a gnoll

Skill      XL: |  1  2  3  4  5 |
---------------+----------------+-----
Axes           | 3 4 |  4.8
Dodging        | 2 |  2.8
Stealth        | 1 |  1.8
Fighting       | 4 |  4.2
Armour         | |  2.4

Action                   |  1- 3 |  4- 6 || total
-------------------------+-------+-------++-------
Melee: Hand axe          |   110 |   189 ||   299
Invok: Berserk           |       |     4 ||     4
 Stab: Sleeping          |       |     2 ||     2
  Eat: Chunk             |     1 |     7 ||     8
       Ration            |       |     1 ||     1
Armor: Animal skin       |    40 |    74 ||   114
Dodge: Dodged            |    66 |   139 ||   205
